 Dungeon Crawl Stone Soup version 0.27.1-15-g792fb953b9 (webtiles) character file.

Game seed: 16384820368415761744

5434 bearlyready the Fighter (level 11, -4/82 HPs)
             Began as a Djinni Fire Elementalist on Nov 19, 2021.
             Was an Initiate of Gozag.
             Shot with an arrow by a centaur warrior (15 damage)
             ... on level 9 of the Dungeon.
             The game lasted 00:29:02 (12063 turns).

bearlyready the Fighter (Djinni Fire Elementalist) Turns: 12063, Time: 00:29:02

Health: -4/82      AC:  6    Str:  7    XL:     11   Next: 0%
Gold:   704        EV: 14    Int: 19    God:    Gozag SH:  5 Dex: 15

rFire    + + .     SeeInvis .   C - staff of conjuration
rCold    . . .     Faith    .   x - +0 buckler
rNeg     . . .     Spirit   .   a - +0 robe
rPois    ∞         Reflect  .   t - +2 helmet
rElec    .         Harm     .   l - +0 cloak
rCorr    .         Rampage  .   (no gloves)
Will     +....                  (boots unavailable)
Stlth    ++........             (no amulet)
HPRegen  0.23/turn              q - ring of protection from cold
MPRegen  0.00/turn              (no ring)

@: flying
A: sickness immunity, fire resistance 2, cold vulnerability 1, float, innate
caster, hp casting, extra vitality 1
a: Renounce Religion, Potion Petition, Call Merchant, Bribe Branch


You were on level 9 of the Dungeon.
You worshipped Gozag.
Gozag was pleased with you.
You visited 2 branches of the dungeon, and saw 10 of its levels.

You collected 822 gold pieces.
You paid 118 gold pieces to Gozag.

Inventory:

Hand Weapons
 d - a +0 dagger
 y - a +0 rapier
 B - the +9 staff of Wucad Mu {*channel}
   (You found it on level 7 of the Dungeon)

   It occasionally powers its wielder's spells, but with a chance of causing
   confusion or draining the wielder's intelligence.
   It becomes more likely to activate and less likely to backfire with increased
   Evocations skill.
Missiles
 i - 23 poisoned darts
 D - a throwing net
Armour
 a - a +0 robe (worn)
 j - +0 shadow dragon scales
 l - a +0 cloak (worn)
 t - a +2 helmet (worn)
 x - a +0 buckler (worn)
 I - the +0 ring mail of Creativity {Drain Fly Str+4 Int+3}
   (You found it on level 8 of the Dungeon)

   Str:       It affects your strength (+4).
   Int:       It affects your intelligence (+3).
   Fly:       It grants you flight.
   Drain:     It drains your maximum health when unequipped.
Magical Staves
 C - a staff of conjuration (weapon)
Jewellery
 q - a ring of protection from cold (left hand)
 u - an amulet of faith
Wands
 p - a wand of polymorph (10)
 A - a wand of iceblast (1)
 F - a wand of digging (6)
 H - a wand of charming (5)
Scrolls
 e - 5 scrolls of teleportation
 f - a scroll of identify
 h - a scroll of amnesia
 o - 2 scrolls of magic mapping
 r - a scroll of holy word
 s - 2 scrolls of brand weapon
 v - 2 scrolls of fog
 w - a scroll of fear
 E - 2 scrolls of enchant armour
 G - a scroll of silence
Potions
 b - 4 potions of curing
 c - a potion of berserk rage
 g - 3 potions of haste
 k - a potion of degeneration
 m - 2 potions of attraction
 n - 3 potions of heal wounds
 z - 2 potions of brilliance


   Skills:
 + Level 8.5 Fighting
 + Level 4.1 Staves
 + Level 5.5 Dodging
 + Level 3.4 Stealth
 - Level 5.0 Shields
 + Level 7.0 Spellcasting
 + Level 3.3 Evocations


You couldn't memorise any spells.
You knew the following spells:

 Your Spells              Type           Power      Damage    Failure   Level
a - Foxfire               Conj/Fire      100%       2x1d9     1%          1
b - Conjure Flame         Conj/Fire      50%        6-21      1%          3
c - Inner Flame           Hex/Fire       33%        N/A       1%          3
d - Sticky Flame          Conj/Fire      50%        2d7       5%          4
e - Fireball              Conj/Fire      25%        3d11      16%         5
f - Beastly Appendage     Tmut           66%        N/A       1%          1
g - Ensorcelled Hibernat  Hex/Ice        66%        N/A       1%          2
h - Tukima's Dance        Hex            33%        N/A       1%          3
i - Summon Guardian Gole  Hex/Summ       33%        N/A       1%          3
j - Airstrike             Air            16%        N/A       5%          4
Your spell library was empty.

Dungeon Overview and Level Annotations

Branches:
Dungeon (9/15)             Temple (1/1) D:7
   Lair: D:8-11         Orc: D:9-12

Altars:
Ashenzari
Cheibriados
Elyvilon
Fedhas
Gozag
Hepliaklqana
Kikubaaqudgha
Makhleb
Nemelex Xobeh
Okawaru
Qazlal
Ru
Sif Muna
Trog
Uskayaw
Vehumet
Wu Jian
Xom
Yredelemnul
Zin
The Shining One

Portals:
Bailey: D:9

Annotations:
D:4 3 runed translucent doors, y3s's ghost, amateur MiBe
D:7 2 runed translucent doors, exclusion: 4 orange crystal statues, adizb's ghost, novice MiFi


Innate Abilities, Weirdness & Mutations

You are immune to sickness and miasma.
You are immune to poison.
Your flesh is very heat resistant. (rF++)
You are vulnerable to cold. (rC-)
You float through the air rather than walking.
You learn spells naturally, not from books.
Your magical power is your life essence.
You have superior vitality. (+4 HP)


Message History

The foxfire hits the orc wizard.
The orc wizard is moderately wounded.
The centaur warrior wields a +0 shortbow.
The centaur warrior shoots an arrow.
The arrow hits you!
Aiming: Charm
Press: ? - help, Shift-Dir - straight line, f/p - centaur warrior
Aim: a centaur warrior, wielding a +0 shortbow and quivering arrows (chance to affect: 37%)
The centaur warrior resists with some effort.
The centaur warrior shoots an arrow.
You block the arrow.
The centaur warrior shoots an arrow.
The arrow hits you!
Aiming: Charm
Press: ? - help, Shift-Dir - straight line, f/p - centaur warrior
Aim: a centaur warrior, wielding a +0 shortbow and quivering arrows (chance to affect: 37%)
The centaur warrior resists with some effort.
Aiming: Charm
Press: ? - help, Shift-Dir - straight line, f/p - centaur warrior
Aim: a centaur warrior, wielding a +0 shortbow and quivering arrows (chance to affect: 37%)
The centaur warrior resists with some effort.
The orc wizard is no longer distracted by gold.
The centaur warrior shoots an arrow.
The arrow hits you! The orc wizard casts a spell at you.
The puff of flame hits you. You resist.
The orc wizard mumbles some strange words.
The orc wizard flickers and vanishes!
Deactivating autopickup; reactivate with Ctrl-A.
An orc comes into view. It is wielding a +0 flail.
The orc shouts!
Aiming: Charm
Press: ? - help, Shift-Dir - straight line, f/p - centaur warrior
Aim: a centaur warrior, wielding a +0 shortbow and quivering arrows (chance to affect: 37%)
The centaur warrior resists with some effort.
The centaur warrior shoots an arrow.
The arrow hits you!!
* * * LOW HITPOINT WARNING * * *
Aiming: Charm
Press: ? - help, Shift-Dir - straight line, f/p - centaur warrior
Aim: a centaur warrior, wielding a +0 shortbow and quivering arrows (chance to affect: 37%)
The centaur warrior resists with some effort.
The centaur warrior shoots an arrow.
The arrow hits you!
You die...
Your body crumbles into a pile of gold.

,,,,** ****,*** *****,* **
,,,,,** ##.##...# **,*,* **,
,,,,,,***#....o#.#####**,,,,***,,
,,,,,,+,,,......o....,,,,,,,,,+,,
,,,,,,****,...≈≈§≈≈.#***,,,,***,,
,,,,,** **,#.≈.>.≈.####*,*,* **,
,,,,** **#.≈.∩.≈c....***,* **
,>,** #.≈$.$≈.#**,* *,* * *+**
#.≈≈@≈≈.#**,*#*,* *,*
#.......#*,...,,* *,*
#..###.###..##*** *,** #.#*
#........,* *** ,,,** #.*
#<.....##,* *,, ,,,,********#,*
#.###.##*,* *,* ,,,**,,,,,,,,,*
#.# *,# *,* *,* *,***,*********
#.# *,***,****,, *****,* #.#
*,,,,,,,,,,,


You could see a centaur warrior, an orc wizard and an orc.

Vanquished Creatures
  A boulder beetle (D:8)
  A cyclops (D:8)
  A hornet (D:9)
  A wyvern (D:7)
  A shadow (D:9)
  12 yaks
  Eustachio (D:6)
  2 steam dragons
  2 orc warriors
  A black bear (D:5)
  3 ogres
  A centaur (D:8)
  2 bullfrogs
  A scorpion (D:6)
  A wyvern zombie (D:8)
  A water moccasin skeleton (D:6)
  2 howler monkeys (D:8)
  An electric eel (D:7)
  2 bullfrog zombies
  Crazy Yiuf (D:3)
  5 hounds
  2 bullfrog skeletons
  5 orc priests
  A centaur skeleton (D:5)
  3 orc wizards
  10 adders
  2 shadow imps
  2 white imps
  4 ufetubi
  2 dart slugs
  19 orcs
  4 ball pythons
  5 endoplasms
  3 giant cockroaches
  10 goblins
  5 hobgoblins
  8 jackals
  A quokka (D:2)
  2 bats
  3 frilled lizards
  11 kobolds
  A rat (D:1)
146 creatures vanquished.

Vanquished Creatures (others)
  525 foxfires
525 creatures vanquished.

Grand Total: 671 creatures vanquished

Notes
Turn   | Place    | Note
-------+----------+-------------------------------------------
     0 | D:1      | bearlyready the Djinni Fire Elementalist began the quest
                  | for the Orb.
     0 | D:1      | Reached XP level 1. HP: 15/15 MP: 0/0
   218 | D:1      | Reached skill level 1 in Fighting
   218 | D:1      | Reached XP level 2. HP: 16/22 MP: 0/0
   901 | D:2      | Found an ornate altar of the Wu Jian Council.
   907 | D:2      | Reached XP level 3. HP: 22/28 MP: 0/0
   907 | D:2      | Learned a level 1 spell: Beastly Appendage
  1047 | D:2      | Reached skill level 2 in Fighting
  1270 | D:2      | Reached XP level 4. HP: 25/33 MP: 0/0
  2290 | D:3      | Reached XP level 5. HP: 9/40 MP: 0/0
  2290 | D:3      | Learned a level 2 spell: Ensorcelled Hibernation
  2535 | D:3      | Found a runed translucent door.
  2536 | D:3      | Noticed Crazy Yiuf
  2785 | D:3      | Reached skill level 3 in Fighting
  3545 | D:3      | Killed Crazy Yiuf
  3781 | D:4      | Found a runed translucent gate.
  3781 | D:4      | Found a runed translucent gate.
  3781 | D:4      | Found a runed translucent gate.
  3782 | D:4      | Noticed y3s's ghost (amateur MiBe)
  4039 | D:4      | Found a stormy altar of Qazlal.
  4297 | D:4      | Found a burning altar of Makhleb.
  4332 | D:4      | Found a shimmering altar of Xom.
  4336 | D:4      | Found a glowing golden altar of the Shining One.
  4386 | D:4      | Found a basalt altar of Yredelemnul.
  4499 | D:5      | Entered Level 5 of the Dungeon
  4499 | D:5      | Noticed an ogre
  4511 | D:4      | Reached XP level 6. HP: 36/46 MP: 0/0
  4595 | D:5      | Noticed an ogre
  4601 | D:5      | Killed an ogre
  4602 | D:5      | Reached skill level 4 in Fighting
  4737 | D:5      | Killed an ogre
  4738 | D:5      | Reached XP level 7. HP: 49/53 MP: 0/0
  4738 | D:5      | Learned a level 3 spell: Tukima's Dance
  5066 | D:5      | Reached skill level 5 in Fighting
  5548 | D:5      | Reached skill level 5 in Spellcasting
  5840 | D:6      | Reached XP level 8. HP: 56/61 MP: 0/0
  6476 | D:6      | Noticed Eustachio
  6484 | D:6      | Killed Eustachio
  6485 | D:6      | Reached skill level 6 in Fighting
  6485 | D:6      | Reached skill level 1 in Shields
  7573 | D:6      | Reached XP level 9. HP: 64/67 MP: 0/0
  7573 | D:6      | Learned a level 3 spell: Summon Guardian Golem
  7597 | D:7      | Found the +9 staff of Wucad Mu {*channel}
  7608 | D:7      | Reached skill level 7 in Fighting
  8043 | D:7      | Found a staircase to the Ecumenical Temple.
  8080 | Temple   | Entered the Ecumenical Temple
  8342 | Temple   | Became a worshipper of Gozag Ym Sagoz the Greedy
  8419 | D:7      | Found a bloodstained altar of Trog.
  8505 | D:7      | Found a runed translucent door.
  8517 | D:7      | Found the +10 tower shield of Ignorance {rN+ Int-4}
  8523 | D:7      | Found a runed translucent door.
  8529 | D:7      | Noticed an orange crystal statue
  8529 | D:7      | Noticed an orange crystal statue
  8529 | D:7      | Noticed an orange crystal statue
  8529 | D:7      | Noticed an orange crystal statue
  8671 | D:7      | Reached skill level 1 in Staves
  8942 | D:7      | Found a runed translucent door.
  8949 | D:7      | Noticed adizb's ghost (novice MiFi)
  9057 | D:7      | Found a white marble altar of Elyvilon.
  9161 | D:8      | Found an ornate altar of the Wu Jian Council.
  9359 | D:8      | Noticed a cyclops
  9653 | D:8      | Killed a cyclops
  9654 | D:8      | Reached XP level 10. HP: 41/76 MP: 0/0
  9858 | D:8      | Noticed a boulder beetle
 10227 | D:7      | Reached skill level 5 in Shields
 10428 | D:7      | Reached skill level 1 in Evocations
 10553 | D:8      | Reached skill level 8 in Fighting
 10847 | D:8      | Killed a boulder beetle
 10848 | D:8      | Reached skill level 5 in Dodging
 11103 | D:8      | Identified the +0 ring mail of Creativity {Drain Fly Str+4
                  | Int+3}
 12045 | D:9      | Found a flagged portal.
 12057 | D:9      | Reached XP level 11. HP: 67/82 MP: 0/0
 12057 | D:9      | Learned a level 4 spell: Airstrike
 12057 | D:9      | Noticed a centaur warrior
 12063 | D:9      | Shot with an arrow by a centaur warrior

Illustrated notes

Levels and vault maps discovered:
D:1:      giann_wishing_wells, layout_rooms
D:2:      layout_basic, basic_altar
D:3:      layout_basic, nrook_loot_triangle, uniq_crazy_yiuf_cottage
D:4:      layout_loops_ring, mainiacjoe_overflow_swirl,
          minmay_overflow_temple_star_quad, gammafunk_ghost_necromancy,
          corexii_leaking_fountain, serial_bayou_crossing
D:5:      layout_loops_ring, hangedman_decor_opposing
D:6:      minmay_octagon_keep, layout_gridville, uniq_eustachio
D:7:      layout_rooms, trog_hazing_becter, nicolae_elyvilon_temple_path,
          minmay_temple_entry_mini_moons, ebering_ghost_reflecting_pool,
          chequers_guarded_unrand_ignorance
D:8:      layout_basic, mainiacjoe_overflow_small_starburst,
          minmay_misc_feat_alley
D:9:      layout_loops_corners, lemuel_doored_altar, enter_bailey_5
Temple:   nicolae_temple_figure_eight

Skill      XL: |  1  2  3  4  5  6  7  8  9 10 |
---------------+-------------------------------+-----
Fighting       | 1 2 3 4 5 6 7 8 |  8.5
Spellcasting   | 3 4 5 6 7 |  7.0
Shields        | 3 4 5 |  5.0
Staves         | 2 4 |  4.1
Dodging        | 4 5 |  5.5
Stealth        | 3 |  3.4
Evocations     | 3 |  3.3

Action                   |  1- 3 |  4- 6 |  7- 9 | 10-12 || total
-------------------------+-------+-------+-------+-------++-------
Melee: Dagger            |     5 |    35 |    16 |       ||    56
       Unarmed           |     1 |       |       |       ||     1
       Staff             |       |       |     4 |     8 ||    12
Throw: Dart              |       |       |       |     5 ||     5
 Cast: Foxfire           |    45 |    79 |   178 |    12 ||   314
       Sticky Flame      |       |     2 |     7 |    23 ||    32
       Tukima's Dance    |       |       |     2 |       ||     2
       Ensorcelled Hiber |       |       |     5 |     5 ||    10
       Fireball          |       |       |     5 |     4 ||     9
       Beastly Appendage |       |       |     1 |     1 ||     2
Evoke: Wand              |       |       |       |    12 ||    12
  Use: Potion            |       |       |     2 |       ||     2
       Scroll            |       |       |       |    16 ||    16
 Stab: Sleeping          |     2 |     1 |     3 |       ||     6
Armor: Robe              |     4 |    14 |    37 |     9 ||    64
Dodge: Dodged            |    11 |    21 |    59 |    20 ||   111
Block: Buckler           |       |       |    18 |    12 ||    30
